 Dungeon Crawl Stone Soup version 0.19.1-1-g22dce08 (webtiles) character file.

140 galech the Ruffian (level 5, -1/53 HPs)
             Began as a Troll Monk on Dec 31, 2016.
             Slain by a killer bee (6 damage)
             ... on level 3 of the Dungeon.
             The game lasted 00:03:33 (1501 turns).

galech the Ruffian (Troll Monk)                     Turns: 1501, Time: 00:03:33

Health: -1/53      AC:  5    Str: 20    XL:     5   Next: 2%
Magic:  13/13      EV:  8    Int:  6    God:
Gold:   164        SH:  9    Dex: 12    Spells: 0 memorised, 4 levels left

rFire  . . .     SeeInvis .       - Unarmed
rCold  . . .     Gourm    +     a - +0 robe
rNeg   . . .     Faith    .     q - +2 shield
rPois  .         Spirit   .     (helmet restricted)
rElec  .         Reflect  .     (no cloak)
rCorr  .         Harm     .     (gloves unavailable)
MR     .....                    (boots unavailable)
Stlth  +.........               (no amulet)
                                p - ring of loudness (curse)
                                i - ring of magical power

@: lethally poisoned (-1 -> -3)
A: unfitting armour, claws 3, fast metabolism 3, gourmand, regeneration 1,
shaggy fur 1, tough skin 2
a: no special abilities


You were on level 3 of the Dungeon.
You were completely stuffed.

You visited 1 branch of the dungeon, and saw 4 of its levels.

You collected 164 gold pieces.

Inventory:

Armour
 a - a +0 robe (worn)
 q - a +2 shield (worn)
Jewellery
 i - a ring of magical power (left claw)
 p - a cursed ring of loudness (right claw)
Scrolls
 d - a scroll of blinking {unknown}
 e - 2 scrolls of remove curse {unknown}
 f - 2 scrolls of teleportation {unknown}
 n - a scroll of immolation {unknown}
 o - a scroll of noise {unknown}
 r - a scroll of identify {unknown}
 t - a scroll of random uselessness {unknown}
Potions
 g - 4 potions of magic {unknown}
 h - a potion of heal wounds {unknown}
 j - 3 potions of mutation {unknown}
 k - a potion of brilliance {unknown}
 l - a potion of cancellation {unknown}
 m - a potion of degeneration {unknown}
 s - a potion of agility {unknown}
Comestibles
 b - 6 bread rations
 c - 2 beef jerkies
 u - 5 chunks of flesh


   Skills:
 + Level 3.2 Fighting
 + Level 3.2 Dodging
 - Level 1.1 Stealth
 + Level 4.3 Unarmed Combat


You had 4 spell levels left.
You didn't know any spells.

Dungeon Overview and Level Annotations

Branches:
Dungeon (4/15)
 Temple: D:4-7

Altars:
Yredelemnul


Innate Abilities, Weirdness & Mutations

You are too large for most types of armour.
You have claws for hands.
Your metabolism is lightning-fast.
You like to eat raw meat.
Your natural rate of healing is unusually fast.
You are covered in fur. (AC +1)
You have very tough skin. (AC +2)


Message History

You miss the killer bee.
You feel sick. The killer bee completely misses you.
You block the killer bee's attack.
You scratch the killer bee.
The killer bee is moderately wounded.
You feel sick. The killer bee stings you.
* * * LOW HITPOINT WARNING * * *
You block the killer bee's attack.
An orc comes into view. It is wielding a whip.
You claw the killer bee!
You kill the killer bee!
You have reached level 5!
You feel sick. The orc hits you but does no damage.
You feel sick.
You climb upwards.
You hear the sound of rushing water.
There is an entrance to a sewer on this level.
Hurry and find it before the portal rusts away!
You feel sick.
The killer bee stings you but does no damage.
The killer bee closely misses you. The killer bee stings you.
You die...

.......###.###..#
#.#
.#..............#
#.#
.#...#####.####.#
#.# .##### #.#
#.# #)########..
.# #(# #.#
#)#......... .#
#.# #.#
#)#.######.# .#
#.####.# #.#.###
.#
#.....y####.....#
.#
#.....o@y.....#.#
.#
##.############.#
.# #.# #.# .# #.#
#.# .####### #.#
#.# ........ ..#
##.#### ..######
### #.....# .##
#.###..# .#####
#.# #.≈≈


You could see 2 killer bees and an orc.

Vanquished Creatures
  A killer bee (D:4)
  An adder (D:3)
  4 gnolls (D:3)
  2 worms (D:2)
  2 dart slugs
  A giant cockroach (D:1)
  5 goblins
  7 hobgoblins
  5 bats
  8 kobolds
  6 rats
42 creatures vanquished.

Notes
Turn   | Place    | Note
-------+----------+-------------------------------------------
     0 | D:1      | galech the Troll Monk began the quest for the Orb.
     0 | D:1      | Reached XP level 1. HP: 22/22 MP: 0/0
   248 | D:1      | Reached XP level 2. HP: 29/29 MP: 1/1
   689 | D:2      | Found a basalt altar of Yredelemnul.
   849 | D:2      | Reached XP level 3. HP: 23/36 MP: 2/2
  1435 | D:3      | Reached XP level 4. HP: 35/44 MP: 3/3
  1437 | D:3      | Reached skill level 4 in Unarmed Combat
  1499 | D:4      | Reached XP level 5. HP: 7/53 MP: 4/4
  1501 | D:3      | Slain by a killer bee

Skill      XL: |  1  2  3  4 |
---------------+-------------+-----
Fighting       | 3 |  3.2
Unarmed Combat | 4 |  4.3
Dodging        | 3 |  3.2
Stealth        | |  1.1

Action                   |  1- 3 |  4- 6 || total
-------------------------+-------+-------++-------
Melee: Unarmed           |    86 |     8 ||    94
 Stab: Sleeping          |     2 |       ||     2
  Eat: Chunk             |    18 |     1 ||    19
Armor: Robe              |    26 |     7 ||    33
Dodge: Dodged            |    30 |    10 ||    40
Block: Shield            |    10 |    10 ||    20
